 Dungeon Crawl Stone Soup version 0.19.1-1-g22dce08 (webtiles) character file.

868 dngmouse the Geomancer (level 8, -2/41 HPs)
             Began as a Gargoyle Earth Elementalist on Jan 16, 2017.
             Killed by divine providence
             ... invoked by an orc priest
              (16 damage)
             ... on level 5 of the Dungeon.
             The game lasted 00:24:12 (5025 turns).

dngmouse the Geomancer (GrEE)                       Turns: 5025, Time: 00:24:12

Health: -2/41      AC: 22    Str: 12      XL:     8   Next: 3%
Magic:  11/11      EV: 10    Int: 18      God:
Gold:   29         SH:  0    Dex:  9 (10) Spells: 3 memorised, 5 levels left

rFire  + . .     SeeInvis .     q - +0 mace (protect)
rCold  . . .     Gourm    .     s - +2 ring mail {rF+}
rNeg   + . .     Faith    .     (no shield)
rPois  ∞         Spirit   .     (helmet restricted)
rElec  +         Reflect  .     m - +2 cloak
rCorr  .         Harm     .     (no gloves)
MR     .....                    (no boots)
Stlth  +.........               (no amulet)
                                (no ring)
                                (no ring)

@: protection aura
A: horns 1, negative energy resistance 1, electricity resistance, unbreathing,
petrification resistance, rot immunity, AC +5
a: no special abilities


You were on level 5 of the Dungeon.
You were not hungry.

You visited 1 branch of the dungeon, and saw 5 of its levels.

You collected 232 gold pieces.
You spent 203 gold pieces at shops.

Inventory:

Hand Weapons
 q - a +0 mace of protection (weapon)
Missiles
 b - 171 stones (quivered)
 y - 8 poisoned javelins
Armour
 c - a +1 robe
 m - a +2 cloak (worn)
 s - a +2 ring mail of fire resistance (worn)
Jewellery
 u - an uncursed ring of fire
Wands
 n - a wand of acid (8/15)
Scrolls
 a - 4 scrolls of identify
 j - a scroll of magic mapping {unknown}
 o - 4 scrolls of teleportation
 p - a scroll of immolation {unknown}
 r - a scroll of fog {unknown}
 x - a scroll of enchant armour
Potions
 f - 3 potions of curing
 g - a potion of haste
 h - 2 potions of might
 k - 2 potions of invisibility
 l - a potion of flight {unknown}
 v - a potion of ambrosia
 w - 2 potions of mutation
 z - a potion of brilliance
 A - a potion of agility
Books
 e - a book of Geomancy

   Spells                             Type                      Level
   a - Sandblast                      Earth                        1
   b - Passwall                       Transmutation/Earth          2
   c - Stone Arrow                    Conjuration/Earth            3
   d - Petrify                        Transmutation/Earth          4
   e - Lee's Rapid Deconstruction     Earth                        5
Comestibles
 d - 2 bread rations
 i - a meat ration
 t - a royal jelly


   Skills:
 + Level 3.5 Maces & Flails
 + Level 2.6 Armour
 - Level 1.5 Dodging
 - Level 2.1 Stealth
 - Level 2.0 Spellcasting
 + Level 3.8 Conjurations
 - Level 0.7 Transmutations
 * Level 8.5 Earth Magic


You had 5 spell levels left.
You knew the following spells:

 Your Spells              Type           Power        Failure   Level  Hunger
a - Sandblast             Erth           ####..       1%          1    #......
b - Passwall              Tmut/Erth      ###.......   12%         2    ###....
c - Stone Arrow           Conj/Erth      ###...       12%         3    ###....


Dungeon Overview and Level Annotations

Branches:
Dungeon (5/15)
 Temple: D:4-7

Altars:
Cheibriados

Shops:
D:4 !


Innate Abilities, Weirdness & Mutations

You are resistant to torment.
Your stone body is resilient. (AC +5)
You are immune to poison.
You resist negative energy. (rN+)
You are resistant to electric shocks. (rElec)
You can survive without breathing.
You are immune to petrification.
You are immune to rotting.
You have a pair of small horns on your head.


Message History

You barely miss the orc. Your headbutt misses the orc.
The orc priest looks encouraged for a moment.
The orc priest calls upon Beogh to heal the orc.
The orc is healed somewhat.
You completely miss the orc. You headbutt the orc.
You kill the orc!
The orc hits you but does no damage. The orc priest barely misses you.
The orc priest misses you. The orc closely misses you.
You sock the orc priest!
The orc priest is heavily wounded.
The orc priest barely misses you.
The orc priest looks satisfied for a moment.
The orc hits you but does no damage.
The orc priest invokes the aid of Beogh against you.
Beogh smites you!
You hit the orc priest.
The orc priest is almost dead.
The orc priest invokes the aid of Beogh against you.
Beogh smites you!
You die...

....................
...................<...
....!..................
...................####
....................#
.............######+#
.................#
......o.......####
......o@....[..#
#....o)...........
#.............###..
#####....?....# .
#..>......#
#...........
#.........###
###########


You could see 2 orc priests and an orc.

Vanquished Creatures
  4 ogres
  A howler monkey (D:4)
  A crimson imp (D:4)
  An orc priest (D:2)
  A gnoll shaman (D:4)
  3 orc wizards
  A centaur skeleton (D:4)
  2 worker ants (D:4)
  Terence (D:2)
  Robin (D:2)
  6 adders
  3 gnolls (D:4)
  A white imp (D:4)
  An adder skeleton (D:4)
  3 worms
  4 dart slugs
  5 leopard geckos
  6 orcs
  5 giant cockroaches
  16 goblins
  9 hobgoblins
  4 jackals (D:3)
  4 quokkas
  2 ball pythons
  8 bats
  8 frilled lizards
  5 kobolds
  13 rats
119 creatures vanquished.

Notes
Turn   | Place    | Note
-------+----------+-------------------------------------------
     0 | D:1      | dngmouse the Gargoyle Earth Elementalist began the quest for the Orb.
     0 | D:1      | Reached XP level 1. HP: 10/10 MP: 3/3
   193 | D:1      | Reached skill level 4 in Earth Magic
   416 | D:1      | Reached XP level 2. HP: 11/15 MP: 1/5
  1198 | D:2      | Reached XP level 3. HP: 16/19 MP: 6/6
  1218 | D:2      | Reached skill level 5 in Earth Magic
  1313 | D:2      | Noticed Robin
  1335 | D:2      | Killed Robin
  1351 | D:2      | Learned a level 2 spell: Passwall
  1355 | D:2      | Learned a level 3 spell: Stone Arrow
  1464 | D:2      | Reached XP level 4. HP: 23/24 MP: 7/7
  1593 | D:2      | Found a snail-covered altar of Cheibriados.
  1644 | D:2      | Noticed Terence
  1668 | D:2      | Killed Terence
  1668 | D:2      | Reached skill level 1 in Maces & Flails
  1668 | D:2      | Reached skill level 6 in Earth Magic
  1910 | D:3      | Reached skill level 1 in Conjurations
  1910 | D:3      | Reached XP level 5. HP: 28/28 MP: 8/8
  2446 | D:3      | Reached XP level 6. HP: 25/32 MP: 9/9
  2868 | D:4      | Reached skill level 7 in Earth Magic
  3056 | D:4      | Found Zagoabu's Distillery.
  3064 | D:4      | Bought a potion of mutation for 27 gold pieces
  3064 | D:4      | Bought a potion of invisibility for 88 gold pieces
  3064 | D:4      | Bought a potion of brilliance for 44 gold pieces
  3064 | D:4      | Bought a potion of agility for 44 gold pieces
  3067 | D:4      | Gained mutation: You have a pair of small horns on your head. [potion of beneficial mutation]
  3359 | D:4      | Reached skill level 1 in Armour
  3359 | D:4      | Reached XP level 7. HP: 23/36 MP: 10/10
  4256 | D:4      | Reached skill level 8 in Earth Magic
  4664 | D:5      | Entered Level 5 of the Dungeon
  4789 | D:5      | Reached XP level 8. HP: 15/41 MP: 11/11
  5025 | D:5      | Killed from afar by an orc priest

Skill      XL: |  1  2  3  4  5  6  7 |
---------------+----------------------+-----
Earth Magic    | 4 5 6 7 8 |  8.5
Maces & Flails | 1 2 3 |  3.5
Conjurations   | 1 2 3 |  3.8
Armour         | 1 2 |  2.6
Dodging        | |  1.5
Stealth        | |  2.1
Spellcasting   | |  2.0
Transmutations | |  0.7

Action                   |  1- 3 |  4- 6 |  7- 9 || total
-------------------------+-------+-------+-------++-------
Melee: Unarmed           |    40 |       |       ||    40
       Club              |    69 |       |       ||    69
       Mace              |    49 |   347 |   194 ||   590
       Headbutt          |       |     7 |    23 ||    30
 Cast: Sandblast         |    10 |     7 |     6 ||    23
       Stone Arrow       |       |     3 |     4 ||     7
  Use: Scroll            |     5 |       |       ||     5
       Potion            |       |     5 |       ||     5
 Stab: Sleeping          |     3 |       |       ||     3
  Eat: Chunk             |     2 |     8 |     1 ||    11
       Meat ration       |       |       |     1 ||     1
       Pizza             |       |       |     1 ||     1
Armor: Robe              |   106 |    21 |       ||   127
       Ring mail         |       |   197 |   112 ||   309
Dodge: Dodged            |   174 |   219 |   107 ||   500
